 Dungeon Crawl Stone Soup version 0.28.0-43-g3370ac3207 (webtiles) character file.

Game seed: 600608879747999762

24 tizbic2 the Caller (level 3, -1/26 HPs)
             Began as a Ghoul Summoner on Mar 13, 2022.
             Killed from afar by an orc wizard (6 damage)
             ... with a puff of flame
             ... on level 1 of the Dungeon.
             The game lasted 00:05:34 (2032 turns).

tizbic2 the Caller (Ghoul Summoner)                 Turns: 2032, Time: 00:05:35

Health: -1/26      AC:  5    Str: 11    XL:     3   Next: 2%
Magic:  2/5        EV: 10    Int: 12    God:
Gold:   60         SH:  0    Dex:  9    Spells: 5/6 levels left

rFire   . . .      SeeInvis .   (no weapon)
rCold   + . .      Faith    .   (no shield)
rNeg    + + +      Spirit   .   c - +0 ring mail
rPois   ∞          Reflect  .   (no helmet)
rElec   .          Harm     .   (no cloak)
rCorr   .          Rampage  .   (no gloves)
Will    .....                   (no boots)
Stlth   +.........              (no amulet)
HPRegen 0.00/turn               (no ring)
MPRegen 0.09/turn               (no ring)

@: very slightly contaminated, inhibited regen
A: claws 1, cold resistance 1, negative energy resistance 3, inhibited
regeneration, torment resistance 2
a: no special abilities


You were on level 1 of the Dungeon.
You visited 1 branch of the dungeon, and saw 2 of its levels.

You collected 60 gold pieces.

Inventory:

Armour
 c - a +0 ring mail (worn)
Scrolls
 a - a scroll of teleportation {unknown}
 d - a scroll of silence {unknown}
 e - a scroll of immolation {unknown}
Potions
 b - 2 potions of berserk rage {unknown}
 f - a potion of degeneration {unknown}


   Skills:
 - Level 1.7 Dodging
 - Level 2.1 Stealth
 + Level 2.1 Spellcasting
 * Level 4.2 Summonings


You had 5 spell levels left.
You knew the following spells:

 Your Spells              Type           Power      Damage    Failure   Level
a - Summon Small Mammal   Summ           44%        N/A       12%         1

Your spell library contained the following spells:

 Spells                   Type           Power      Damage    Failure   Level
 Call Imp                 Summ           11%        N/A       17%         2
 Call Canine Familiar     Summ           11%        N/A       34%         3
 Summon Guardian Golem    Hex/Summ       6%         N/A       63%         3
 Summon Lightning Spire   Summ/Air       6%         N/A       95%         4


Dungeon Overview and Level Annotations

Branches:
Dungeon (2/15)

Altars:


Innate Abilities, Weirdness & Mutations

You thrive by killing the living.
You are immune to poison.
You have sharp fingernails.
Your flesh is cold resistant. (rC+)
You are immune to negative energy. (rN+++)
You do not regenerate when monsters are visible.
You are immune to unholy pain and torment.


Message History

The orc wizard freezes your rat.
Your rat dies!
Your rat's corpse disappears in a puff of smoke!
The orc priest invokes the aid of Beogh against you.
Beogh smites you!
The orc wizard points at you and mumbles some strange words.
The magic dart hits you.
The orc wizard hits you but does no damage.
You climb upwards.
There is a stone staircase leading down here.
Casting: Summon Small Mammal (safe; 12% risk of failure)
Confirm with . or Enter, or press ? or * to list all spells.
The orc wizard hits you but does no damage.
Casting: Summon Small Mammal (safe; 12% risk of failure)
Confirm with . or Enter, or press ? or * to list all spells.
You miscast Summon Small Mammal.
You are very lightly contaminated with residual magic.
Nothing appears to happen.
The orc wizard hits you but does no damage.
You closely miss the orc wizard.
The orc wizard points at you and mumbles some strange words.
The magic dart hits you.
Your rat closely misses the orc wizard.
Casting: Summon Small Mammal (safe; 12% risk of failure)
Confirm with . or Enter, or press ? or * to list all spells.
The orc wizard hits you but does no damage.
Your rat closely misses the orc wizard.
You barely miss the orc wizard.
The orc wizard casts a spell.
The orc wizard flickers and vanishes!
Deactivating autopickup; reactivate with Ctrl-A.
You closely miss something. Your claw misses something.
Your bat closely misses something.
Something hits you.
* * * LOW HITPOINT WARNING * * *
Something freezes you.
* * * LOW HITPOINT WARNING * * *
Your bat hits something but does no damage.
You hear some strange, mumbled words.
A puff of flame appears from out of thin air!
The puff of flame hits you.
You die...

#.....###
##.....#.....##########
##.##...###.............##
#
.........................#
#
..(...................[..#
##
......##.................#
#.
......##.................#
#.
......####...............#
###. ......#
#...............# #...
......#####..br.@.....>.##
##.##
#####....###..{........##
##..## ####.#
####.##..#### #..### #.##
#......# #.## # #..###
#####...# ##.#### ##...###
#.#######..##..
###...#######≈≈≈≈≈#####.#
###....###≈≈≈≈≈≈≈# #.#
#### ####...#≈≈≈≈≈≈≈####.#


You could see a friendly bat (summoned) and a friendly rat (summoned).

Vanquished Creatures
  A dart slug (D:2)
  A ball python (D:1)
  3 bats
  2 hobgoblins (D:1)
  A jackal (D:1)
  2 kobolds (D:1)
  A rat (D:1)
11 creatures vanquished.

Vanquished Creatures (collateral kills)
  A ball python (D:2)
  An endoplasm (D:1)
  A giant cockroach (D:1)
  2 goblins (D:1)
  A hobgoblin (D:1)
  A jackal (D:1)
  A bat (D:2)
  A frilled lizard (D:1)
9 creatures vanquished.

Grand Total: 20 creatures vanquished

Notes
Turn   | Place    | Note
-------+----------+-------------------------------------------
     0 | D:1      | tizbic2 the Ghoul Summoner began the quest for the Orb.
     0 | D:1      | Reached XP level 1. HP: 14/14 MP: 2/2
   602 | D:1      | Reached XP level 2. HP: 20/20 MP: 0/4
   638 | D:1      | Reached skill level 4 in Summonings
   954 | D:1      | HP: 1/20 [hobgoblin (4)]
  1454 | D:1      | HP: 1/20 [kobold/+0 short sword (3)]
  1884 | D:2      | Reached XP level 3. HP: 16/26 MP: 2/5
  2032 | D:1      | Killed from afar by an orc wizard

Illustrated notes

Levels and vault maps discovered:
D:1:      minmay_arrival_hallway, layout_rooms, kennysheep_flooded_box
D:2:      layout_loops_ring, basic_altar,
          hellmonk_ecumenical_altar_leap_of_faith, grunt_decor_one_mirror

Skill      XL: |  1  2 |
---------------+-------+-----
Spellcasting   | 2 |  2.1
Summonings     | 4 |  4.2
Dodging        | |  1.7
Stealth        | |  2.1

Action                   || total
-------------------------++-------
Melee: Unarmed           ||    79
       Punch             ||     1
 Cast: Summon Small Mamm ||    25
Armor: Robe              ||     8
       Ring mail         ||    30
Dodge: Dodged            ||    46
